 Dungeon Crawl Stone Soup version 0.22-a0-238-gd711f9382e (webtiles) character file.

14 Fuhrer the Chopper (level 2, -1/27 HPs)
             Began as a Deep Dwarf Fighter on Feb 21, 2018.
             Slain by ciphuk's ghost (11 damage)
             ... on level 4 of the Dungeon.
             The game lasted 00:04:24 (335 turns).

Fuhrer the Chopper (Deep Dwarf Fighter)              Turns: 335, Time: 00:04:24

Health: -1/27      AC:  6    Str: 24    XL:     2   Next: 27%
Magic:  2/2        EV:  9    Int:  8    God:
Gold:   15         SH:  0    Dex: 12    Spells: 1/1 levels left

rFire    . . .     SeeInvis .   a - +0 war axe
rCold    . . .     Gourm    .   (no shield)
rNeg     . . .     Faith    .   b - +0 scale mail
rPois    .         Spirit   .   (no helmet)
rElec    .         Reflect  .   (no cloak)
rCorr    .         Harm     .   (no gloves)
MR       .....                  (no boots)
Stlth    ..........             (no amulet)
HPRegen  0.00/turn              (no ring)
MPRegen  0.08/turn              (no ring)

@: mighty, non-regenerating
A: damage resistance, heal wounds, sense surroundings 1, no regeneration
a: Heal Wounds


You were on level 4 of the Dungeon.
You were not hungry.

You visited 1 branch of the dungeon, and saw 4 of its levels.

You collected 15 gold pieces.

Inventory:

Hand Weapons
 a - a +0 war axe (weapon)
Armour
 b - a +0 scale mail (worn)
 c - a +0 shield
Jewellery
 e - an uncursed ring of wizardry {unknown}
Scrolls
 i - a scroll of identify {unknown}
Potions
 h - a potion of degeneration {unknown}
Comestibles
 f - 2 rations


   Skills:
 - Level 2.6 Fighting
 + Level 3.3 Axes
 - Level 3.2 Armour
 - Level 3.2 Shields


You had one spell level left.
You didn't know any spells.

Dungeon Overview and Level Annotations

Branches:
Dungeon (4/15)
 Temple: D:4-7

Altars:
Ashenzari
The Shining One

Annotations:
D:4 ciphuk's ghost, amateur KoHu


Innate Abilities, Weirdness & Mutations

You are resistant to damage.
You can heal yourself by infusing magical energy.
You passively map a small area around you.
You do not regenerate.


Message History

The giant cockroach is moderately wounded.
The giant cockroach misses you. The giant cockroach closely misses you.
You slash the giant cockroach!
You kill the giant cockroach!
Found an amethyst potion and a ration.
f - 2 rations (gained 1) Ciphuk's ghost (amateur Kobold Hunter) comes into view.
Ciphuk's ghost turns its malevolent gaze towards you.
Found 28 sling bullets.
Found a stone staircase leading up.
Ciphuk's ghost says very slowly, "There's no hope."
Press: ? - help, v - describe, . - travel
Here: ciphuk's ghost The floor.
You feel very mighty all of a sudden. Ciphuk's ghost hits you!
You closely miss ciphuk's ghost. Ciphuk's ghost barely misses you.
You miss ciphuk's ghost.
Ciphuk's ghost keens inconsolably.
Ciphuk's ghost hits you!
You die...

..#..##..#..# ..
............#######.####
#.#..###.#....##(.......
.........##†#.##........
##..#...###.#..#........
....#...# #.##.#........
..###...###.##.#.....<..*
## #.<.##.......W.!....
#...##..##..@######
############.# #..# ##...
*..... * * * * .....# , ,
.....# *** ** * .....#
.....#


You could see ciphuk's ghost.

Vanquished Creatures
  2 bats (D:1)
  2 giant cockroaches
  A hobgoblin (D:3)
  2 jackals (D:4)
  A quokka (D:3)
  A frilled lizard (D:4)
  A kobold (D:1)
  3 rats
13 creatures vanquished.

Notes
Turn   | Place    | Note
-------+----------+-------------------------------------------
     0 | D:1      | Fuhrer the Deep Dwarf Fighter began the quest for the Orb.
     0 | D:1      | Reached XP level 1. HP: 20/20 MP: 1/1
   135 | D:2      | Found a shattered altar of Ashenzari.
   255 | D:3      | Found a glowing golden altar of the Shining One.
   289 | D:3      | Reached XP level 2. HP: 24/27 MP: 2/2
   328 | D:4      | Noticed ciphuk's ghost (amateur KoHu)
   335 | D:4      | Slain by ciphuk's ghost

Vault maps used:
D:1:      nicolae_arrival_washed_ashore
D:2:      nicolae_ashenzari_panopticon, grunt_temple_overflow_open,
          uniq_crazy_yiuf_cottage, uniq_natasha, uniq_sigmund
D:3:      tso_oasis_becter, vehumet_crystals,
          chequers_ecumenical_altar_simple_redux, kennysheep_minor_cross,
          kennysheep_generic_room_16
D:4:      first_ration, minmay_vboxes, uniq_duvessa

Skill      XL: |  1 |
---------------+----+-----
Axes           | 3 |  3.3
Fighting       | |  2.6
Armour         | |  3.2
Shields        | |  3.2

Action                   || total
-------------------------++-------
Melee: War axe           ||    32
  Use: Potion            ||     1
Armor: Scale mail        ||    21
Dodge: Dodged            ||    19
Block: Shield            ||     8

Table legend:
 A = Spawn XP
 B = Non-spawn XP
 C = Spawn XP percentage of total XP
 D = Spawn monster count
 E = Non-spawn monster count
 F = Spawn count percentage of total count
 G = Total turns spent on level
                    A         B        C        D         E        F      G
               +---------+---------+-------+---------+---------+-------+---------
         Total |       0 |      20 |   0.0 |       0 |      13 |   0.0 |   335
               +---------+---------+-------+---------+---------+-------+---------
           D:1 |       0 |       4 |   0.0 |       0 |       3 |   0.0 |   116
           D:2 |       0 |       1 |   0.0 |       0 |       1 |   0.0 |   107
           D:3 |       0 |       8 |   0.0 |       0 |       5 |   0.0 |    66
           D:4 |       0 |       7 |   0.0 |       0 |       4 |   0.0 |    46
               +---------+---------+-------+---------+---------+-------+---------
